 Dungeon Crawl Stone Soup version 0.30-a0-210-g01b79a254e (webtiles) character file.

Game seed: 4872682701037607684

34163 Flugkiller the Fighter (level 13, -2/107 HPs)
             Began as a Mummy Gladiator on Oct 4, 2022.
             Was a Follower of Uskayaw.
             Slain by a death yak (16 damage)
             ... on level 4 of the Lair of Beasts.
             The game lasted 00:31:00 (17335 turns).

Flugkiller the Fighter (Mummy Gladiator)           Turns: 17335, Time: 00:31:01

Health: -2/107     AC: 14    Str: 17    XL:     13   Next: 40%
Magic:  8/18       EV: 18    Int:  7    God:    Uskayaw [*.....]
Gold:   954        SH:  9    Dex: 25    Spells: 12/12 levels left

rFire   . . .      SeeInvis +    C - +3 dagger (elec)
rCold   + + .      Faith    +    j - +2 buckler
rNeg    + + +      Spirit   .    g - +4 ring mail {rPois}
rPois   ∞          Reflect  .    q - +1 helmet "Zebiolif" {rElec rC+ Regen+ SInv}
rElec   +          Harm     .    (no cloak)
rCorr   .          Rampage  .    D - +0 pair of gloves
Will    +....                    c - +0 pair of boots
Stlth   ++++......               (no amulet)
HPRegen 1.17/turn                p - ring of protection from fire
MPRegen 0.16/turn                a - +6 ring of dexterity

@: about to teleport, studying 3 skills
A: cold resistance 1, negative energy resistance 3, torment resistance 2, heat
vulnerability 1, in touch with death 2, no potions, faith
a: Renounce Religion, Stomp


You were on level 4 of the Lair of Beasts.
You worshipped Uskayaw.
Uskayaw was noncommittal.
You visited 2 branches of the dungeon, and saw 15 of its levels.
You also visited: Ossuary and Bailey.

You collected 1150 gold pieces.
You spent 196 gold pieces at shops.

Inventory:

Hand Weapons
 h - a +4 short sword
   (You took it off a kobold on level 1 of the Dungeon)
 C - a +3 dagger of electrocution (weapon)
   (You took it off a goblin on level 3 of the Dungeon)
 G - a +1 short sword of electrocution
   (You took it off a kobold brigand on level 10 of the Dungeon)
 K - a +1 dagger of distortion
   (You took it off Sonja on level 1 of the Lair of Beasts)
Missiles
 d - 2 throwing nets
 e - 30 javelins
 s - 3 boomerangs (quivered)
 F - 4 curare-tipped darts
Armour
 c - a +0 pair of boots (worn)
   (You found it on level 9 of the Dungeon)
 g - a +4 ring mail of poison resistance (worn)
   (You took it off Terence on level 3 of the Dungeon)
 j - a +2 buckler (worn)
   (You found it on level 2 of the Dungeon)
 q - the +1 helmet "Zebiolif" (worn) {rElec rC+ Regen+ SInv}
   (You acquired it in a bailey)

   rC:        It protects you from cold.
   rElec:     It insulates you from electricity.
   SInv:      It lets you see invisible.
   Regen:     It increases your rate of health regeneration.
 A - +0 steam dragon scales
   (You found it on level 7 of the Dungeon)
 D - a +0 pair of gloves (worn)
   (You found it on level 9 of the Dungeon)
Jewellery
 a - a +6 ring of dexterity (right hand)
   (You found it on level 5 of the Dungeon)
 o - a ring of flight
   (You found it on level 4 of the Dungeon)
 p - a ring of protection from fire (left hand)
   (You bought it in a shop on level 3 of the Dungeon)
 v - a +4 ring of evasion
   (You found it on level 4 of the Lair of Beasts)
 L - a +6 ring of strength
   (You found it on level 1 of the Lair of Beasts)
 P - a +6 ring of intelligence
   (You found it on level 1 of the Lair of Beasts)
 S - a ring of fire
   (You found it on level 3 of the Lair of Beasts)
Wands
 k - a wand of digging (9)
   (You took it off Robin on level 3 of the Dungeon)
 B - a wand of iceblast (33)
   (You found it on level 8 of the Dungeon)
 E - a wand of polymorph (15)
   (You found it on level 10 of the Dungeon)
 I - a wand of flame (29)
   (You took it off an orc on level 11 of the Dungeon)
Scrolls
 f - 5 scrolls of vulnerability
 i - 2 scrolls of enchant armour
 l - 9 scrolls of fog
 m - 2 scrolls of magic mapping
 n - a scroll of torment
 r - 4 scrolls of identify
 t - 2 scrolls of teleportation
 u - 6 scrolls of enchant weapon
 x - 3 scrolls of immolation
 y - a scroll of fear
 H - a scroll of silence
 M - 4 scrolls of poison
Miscellaneous
 b - a piece from Xom's chessboard (13/15)
   (You found it on level 3 of the Dungeon)
 J - a phantom mirror
   (You found it on level 11 of the Dungeon)
 N - a box of beasts
   (You found it on level 1 of the Lair of Beasts)
 O - a tin of tremorstones (1/2)
   (You found it on level 2 of the Lair of Beasts)


   Skills:
 + Level 11.7 Fighting
 + Level 8.6(8.9) Short Blades
 - Level 3.0(6.2) Long Blades
 - Level 1.5 Throwing
 + Level 3.5 Armour
 + Level 9.7 Dodging
 + Level 7.3 Stealth
 + Level 5.5 Shields
 - Level 7.0 Invocations
 - Level 6.0 Evocations


You had 12 spell levels left.
You didn't know any spells.
Your spell library contained the following spells:

 Spells                   Type           Power      Damage    Failure   Level
 Magic Dart               Conj           0%         1d3       71%         1
 Slow                     Hex            0%         N/A       71%         1
 Blink                    Tloc           0%         N/A       85%         2
 Call Imp                 Summ           0%         N/A       85%         2
 Momentum Strike          Conj/Tloc      0%         3d8       85%         2
 Scorch                   Fire           0%         2d5       85%         2
 Confusing Touch          Hex            0%         N/A       97%         3
 Dazzling Flash           Conj/Hex       0%         N/A       97%         3
 Lesser Beckoning         Tloc           0%         N/A       97%         3
 Mephitic Cloud           Conj/Pois/Air  0%         N/A       97%         3
 Vampiric Draining        Necr           0%         2d6       97%         3
 Flame Wave               Conj/Fire      0%         2d4       100%        4
 Agony                    Necr           0%         N/A       100%        5
 Silence                  Hex/Air        0%         N/A       100%        5
 Summon Forest            Summ/Tloc      0%         N/A       100%        5
 Eringya's Noxious Bog    Tmut/Pois      0%         N/A       100%        6
 Summon Cactus Giant      Summ           0%         N/A       100%        6
 Summon Hydra             Summ           0%         N/A       100%        7


Dungeon Overview and Level Annotations

Branches:
Dungeon (11/15) Zot: 26112  Temple (0/1) D:6            Lair (4/5) D:8 Zot: 19927
 Shoals (0/4) Lair:2        Snake (0/4) Lair:2        Slime (0/5) Lair:4
    Orc (0/2) D:9         Ossuary (visited)          Bailey (visited)

Altars:
Ashenzari
Cheibriados
Gozag
Hepliaklqana
Nemelex Xobeh
Qazlal
Sif Muna
Uskayaw
Vehumet
Xom
Jiyva

Shops:
D:1 [   D:3 *   D:4 *   D:11 [

Annotations:
D:3 1 runed translucent door, Crazy Yiuf
D:8 4 runed translucent doors
D:10 Maggie, Snorg
D:11 3 runed translucent doors, kae's ghost, journeyman DgFE
Lair:4 exclusion: 2 oklob plants


Innate Abilities, Weirdness & Mutations

You are immune to poison.
Your flesh is cold resistant. (rC+)
You are immune to negative energy. (rN+++)
You are immune to unholy pain and torment.
You are vulnerable to heat. (rF-)
You are strongly in touch with the powers of death.
You do not drink.
You have a special connection with the divine. (Faith)


Message History

You hit the death yak.
The death yak is lightly wounded.
You hit the death yak but do no damage.
Lightning courses through the death yak!
The death yak is moderately wounded.
You block the death yak's attack.
You hit the death yak but do no damage.
The death yak is moderately wounded.
You puncture the death yak!
The death yak is moderately wounded.
You block the death yak's attack.
You can now pass through a line of other dancers.
You puncture the death yak!
The death yak is heavily wounded.
The death yak gores you!!
You hit the death yak.
The death yak is heavily wounded.
You hit the death yak.
The death yak is heavily wounded.
The death yak closely misses you.
You hit the death yak.
Lightning courses through the death yak!
The death yak is severely wounded.
You hit the death yak but do no damage.
Lightning courses through the death yak!
The death yak is almost dead.
The death yak misses you.
Uskayaw will force your foes to helplessly watch your dance.
Uskayaw prepares the audience for your solo!
The helpless death yak fails to defend itself.
You stick the death yak like a pincushion!!!!
You kill the death yak!
The death yak gores you!!
You are too injured to fight recklessly!
You hit the death yak but do no damage.
Lightning courses through the death yak!
The death yak is lightly wounded.
The death yak closely misses you.
You hit the death yak.
The death yak is lightly wounded.
The death yak completely misses you.
You barely miss the death yak.
The death yak is lightly wounded.
The death yak attacks as you move away! The death yak gores you!!
Aiming: Line Pass
Press: ? - help, Dir - move target The death yak appears confused.
The fungus appears confused.
You hit the death yak.
The death yak is moderately wounded.
The death yak seems less confused.
The death yak gores you but does no damage.
You hit the death yak but do no damage.
The death yak is lightly wounded.
The fungus seems less confused.
The death yak completely misses you.
You barely miss the death yak.
The death yak is lightly wounded.
Aiming: Line Pass
Press: ? - help, Dir - move target The death yak appears confused.
You hit the death yak but do no damage.
The death yak is lightly wounded.
The death yak seems less confused.
The death yak completely misses you.
You hit the death yak but do no damage.
The death yak is lightly wounded.
The death yak barely misses you.
You barely miss the death yak.
The death yak is lightly wounded.
You can no longer pass through a line of other dancers.
You hit the death yak.
The death yak is lightly wounded.
The death yak gores you!
You hit the death yak but do no damage.
Lightning courses through the death yak!!
The death yak is heavily wounded.
You can now pass through a line of other dancers.
Aiming: Line Pass
Press: ? - help, Dir - move target The death yak appears confused.
You can no longer pass through a line of other dancers.
You block the death yak's attack.
You hit the death yak.
The death yak is heavily wounded.
The death yak seems less confused.
You block the death yak's attack.
You hit the death yak but do no damage.
The death yak is moderately wounded.
You hit the death yak.
The death yak is heavily wounded.
The death yak misses you.
You hit the death yak but do no damage.
The death yak is heavily wounded.
The death yak gores you!!
* * * LOW HITPOINT WARNING * * *
You hit the death yak but do no damage.
The death yak is heavily wounded.
As you read the scroll of teleportation, it crumbles to dust.
You feel strangely unstable. The death yak gores you!
* * * LOW HITPOINT WARNING * * *
Unknown command.
The death yak attacks as you move away! The death yak gores you!
You die...

##.....#Y....#..........Y....##
#.#.....##.##....##P...##....#
#....Y.#######..##########...#
#....### #..## ....... ...###
#..P# ###.... ...#
#####...####### ..... ...#
##..#..........# ..... ..##
###...#..Y.......# #. .##
#......#..@....... ##
##.....#####.#.#... # ##....###
.#.... ## ##...### ## ... .#
#.....# # ####....## #.#.....#
........# .......##


You could see a death yak.

Vanquished Creatures
  The ghost of Uhykki the Thaumaturge, a journeyman DjFE of Makhleb (Lair:1)
  3 hydras
  2 two-headed ogres
  6 death yaks
  The ghost of Dukayfea the Covert, a journeyman SpEn of Dithmenos (Lair:1)
  Sonja (Lair:1)
  3 lindwurms (Lair:3)
  2 deep elf zephyrmancers (D:11)
  A manticore (D:11)
  3 merfolk sirens (Lair:2)
  A black mamba (Lair:2)
  5 cane toads
  2 kobold demonologists (D:10)
  A rime drake (Lair:3)
  A freezing wraith (D:10)
  3 komodo dragons
  A tengu conjurer (D:9)
  A merfolk (Lair:2)
  2 trolls (D:11)
  2 polar bears (Lair:1)
  20 blink frogs
  7 dream sheep (Lair:3)
  2 shadows
  19 yaks
  A vampire (D:11)
  2 wyverns (Lair:3)
  4 basilisks
  3 steam dragons
  3 vampire mosquitoes (D:10)
  2 nagas (Lair:2)
  2 acid dragons (D:11)
  8 water moccasins
  2 ice beasts
  12 orc warriors
  A black bear (Lair:1)
  A sky beast (D:7)
  An ogre (D:4)
  A swamp drake (D:11)
  Pargi (D:3)
  3 wolves (Lair:1)
  15 centaurs
  An elf zombie (Ossuary)
  A phantom (D:4)
  3 kobold brigands
  14 bullfrogs
  A necrophage (D:6)
  3 scorpions
  11 wights
  8 killer bees
  3 howler monkeys
  A crimson imp (D:11)
  A centaur zombie (Ossuary)
  2 human zombies (Ossuary)
  2 hounds
  2 jellies
  A gnoll bouda (D:7)
  2 orc priests
  An iron imp (D:11)
  Jessica (D:3)
  Natasha (thrice) (D:2)
  5 orc wizards
  Terence (D:3)
  2 hound zombies (Ossuary)
  3 mummies (Ossuary)
  Robin (D:3)
  7 adders
  7 gnolls
  A shadow imp (D:11)
  3 white imps
  5 adder zombies (Ossuary)
  4 worms
  3 dart slugs
  38 orcs
  6 ball pythons
  5 bats
  3 endoplasms
  4 giant cockroaches
  A gnoll zombie (Ossuary)
  12 goblins
  11 hobgoblins
  8 jackals
  12 kobolds
  5 quokkas
  2 frilled lizards
  A goblin zombie (Ossuary)
  5 hobgoblin zombies (Ossuary)
  A jackal zombie (Ossuary)
  5 kobold zombies (Ossuary)
  2 orc zombies (Ossuary)
  7 quokka zombies (Ossuary)
  3 rats
  3 rat zombies (Ossuary)
  A butterfly (D:3)
390 creatures vanquished.

Vanquished Creatures (others)
  An orc wizard (D:11)
  A bush (Lair:3)
  26 fungi
  38 plants
  3 toadstools (D:1)
  6 withered plants (Lair:1)
75 creatures vanquished.

Grand Total: 465 creatures vanquished

Notes
Turn   | Place    | Note
-------+----------+-------------------------------------------
     0 | D:1      | Flugkiller the Mummy Gladiator began the quest for the Orb.
     0 | D:1      | Reached XP level 1. HP: 16/16 MP: 1/1
   264 | D:1      | Reached XP level 2. HP: 7/22 MP: 2/2
   510 | D:1      | Found Jaom's Armour Emporium.
   903 | D:2      | Found a shimmering altar of Xom.
   958 | D:2      | Gained mutation: You are in touch with the powers of death.
                  | [Mummy growth]
   958 | D:2      | Reached XP level 3. HP: 27/27 MP: 3/3
  1079 | D:2      | Found a faded altar of an unknown god.
  1097 | D:2      | Prayed at the altar of an unknown god.
  1097 | D:2      | Became a worshipper of Uskayaw the Reveller
  1097 | D:2      | Reached * piety under Uskayaw
  1114 | D:2      | Noticed Natasha
  1120 | D:2      | Reached ** piety under Uskayaw
  1125 | D:2      | Killed Natasha
  1126 | D:2      | Reached XP level 4. HP: 30/34 MP: 4/4
  1171 | D:2      | Reached skill level 3 in Fighting
  1326 | D:2      | Noticed Natasha
  1351 | D:2      | Killed Natasha
  1460 | D:2      | Found a shimmering altar of Xom.
  1465 | D:2      | Noticed Natasha
  1480 | D:2      | Killed Natasha
  1480 | D:2      | Reached *** piety under Uskayaw
  1586 | D:2      | Found a hide-covered altar of Uskayaw.
  1858 | D:3      | Found Saeg's Assorted Antiques.
  1866 | D:3      | Bought a scroll labelled FUTSU KANLU for 28 gold pieces
  1866 | D:3      | Bought a scroll labelled WOYSCH UWYL for 28 gold pieces
  1891 | D:3      | Noticed Pargi
  1899 | D:3      | Reached XP level 5. HP: 32/41 MP: 5/5
  1904 | D:3      | Reached **** piety under Uskayaw
  1917 | D:3      | Killed Pargi
  1917 | D:3      | Reached ***** piety under Uskayaw
  1918 | D:3      | Reached skill level 4 in Fighting
  2034 | D:3      | Noticed Terence
  2066 | D:3      | Killed Terence
  2067 | D:3      | Reached skill level 1 in Short Blades
  2160 | D:3      | Noticed Robin
  2162 | D:3      | Noticed Jessica
  2172 | D:3      | Reached XP level 6. HP: 39/48 MP: 6/6
  2186 | D:3      | Found a shimmering altar of Xom.
  2628 | D:3      | Found a runed translucent door.
  2629 | D:3      | Noticed Crazy Yiuf
  2743 | D:3      | Killed Robin
  2749 | D:3      | Killed Jessica
  3052 | D:4      | Found a shimmering blue altar of Sif Muna.
  3345 | D:4      | Reached skill level 1 in Shields
  3345 | D:4      | Reached XP level 7. HP: 49/54 MP: 7/7
  3576 | D:4      | Found a sparkling altar of Nemelex Xobeh.
  3623 | D:4      | Found Zin's Purification Station.
  4021 | D:5      | Entered Level 5 of the Dungeon
  4063 | D:5      | Found a broken altar of Ashenzari.
  4097 | D:5      | Identified a scroll of acquirement
  4140 | D:5      | Found a radiant altar of Vehumet.
  4167 | D:5      | Found a sand-covered staircase.
  4200 | Ossuary  | Entered an ossuary
  4574 | D:5      | Found a hazy altar of Hepliaklqana.
  4679 | D:4      | Reached XP level 8. HP: 46/61 MP: 8/8
  5432 | D:6      | Found a staircase to the Ecumenical Temple.
  5672 | D:6      | Reached skill level 5 in Fighting
  5960 | D:6      | Reached skill level 5 in Short Blades
  6274 | D:7      | Found a snail-covered altar of Cheibriados.
  6524 | D:7      | Reached skill level 5 in Dodging
  6737 | D:7      | Reached XP level 9. HP: 47/68 MP: 9/9
  6917 | D:7      | Found a flagged portal.
  6924 | Bailey   | Entered a bailey
  7526 | Bailey   | Acquired the +1 helmet "Zebiolif" {rElec rC+ Regen+ SInv}
  8935 | Bailey   | Reached XP level 10. HP: 60/74 MP: 10/10
  9329 | D:7      | Found a hide-covered altar of Uskayaw.
  9329 | D:7      | Found a stormy altar of Qazlal.
  9707 | D:8      | Found a huge runed translucent gate.
  9710 | D:8      | Noticed a manticore
  9711 | D:8      | Found a huge runed translucent gate.
  9711 | D:8      | Found a huge runed translucent gate.
  9711 | D:8      | Found a huge runed translucent gate.
  9711 | D:8      | Noticed a manticore
  9712 | D:8      | Noticed a manticore
  9712 | D:8      | Noticed a manticore
  9723 | D:8      | Found a staircase to the Lair.
  9741 | D:8      | Noticed a two-headed ogre
  9799 | D:8      | Reached skill level 1 in Invocations
  9996 | D:8      | Killed a two-headed ogre
  9997 | D:8      | Reached skill level 6 in Fighting
 10310 | D:9      | Noticed a two-headed ogre
 10605 | D:9      | Found a staircase to the Orcish Mines.
 10630 | D:9      | Reached skill level 7 in Fighting
 10947 | D:9      | Killed a two-headed ogre
 10948 | D:9      | Reached skill level 8 in Fighting
 10983 | D:9      | Found an opulent altar of Gozag.
 11135 | D:10     | Entered Level 10 of the Dungeon
 11367 | D:10     | Reached skill level 5 in Invocations
 11367 | D:10     | Reached XP level 11. HP: 86/86 MP: 14/14
 11506 | D:10     | Reached skill level 9 in Fighting
 11605 | D:10     | Noticed Maggie
 11717 | D:10     | Noticed Snorg
 11927 | D:10     | Reached skill level 10 in Fighting
 11932 | D:10     | Reached skill level 1 in Evocations
 12293 | D:11     | Found Ypatequ's Armour Shoppe.
 12408 | D:11     | Found a runed translucent gate.
 12408 | D:11     | Found a runed translucent gate.
 12410 | D:11     | Found a runed translucent gate.
 12417 | D:11     | Noticed kae's ghost (journeyman DgFE)
 12471 | D:11     | Found a viscous altar of Jiyva.
 12608 | D:11     | Noticed a deep elf zephyrmancer
 12610 | D:11     | Noticed a deep elf zephyrmancer
 12617 | D:11     | Killed a deep elf zephyrmancer
 12618 | D:11     | Killed a deep elf zephyrmancer
 12624 | D:11     | Identified the +1 hat of Indemnity {Int+2 Stlth+}
 12624 | D:11     | Identified the +0 hat of a treasure trove {Dex+3}
 12626 | D:11     | Identified the +1 hat "Sagis" {Int+2 Stlth+}
 12950 | Lair:1   | Entered Level 1 of the Lair of Beasts
 13057 | Lair:1   | Reached skill level 5 in Evocations
 13065 | Lair:1   | Reached ****** piety under Uskayaw
 13118 | Lair:1   | Reached skill level 1 in Stealth
 13142 | Lair:1   | Found a runed translucent gate.
 13142 | Lair:1   | Found a runed translucent gate.
 13143 | Lair:1   | Found a runed translucent gate.
 13146 | Lair:1   | Noticed Dukayfea's ghost (journeyman SpEn)
 13146 | Lair:1   | Noticed Uhykki's ghost (journeyman DjFE)
 13175 | Lair:1   | Noticed Sonja
 13190 | Lair:1   | Killed Sonja
 13402 | D:3      | Bought a notched sapphire ring for 140 gold pieces
 13548 | Lair:1   | Found the +8 trident of the Octopus King {venom, rElec
                  | rPois}
 13590 | Lair:1   | Reached XP level 12. HP: 73/97 MP: 12/16
 14029 | Lair:1   | Killed Uhykki's ghost
 14073 | Lair:1   | Killed Dukayfea's ghost
 14197 | Lair:2   | Found a staircase to the Shoals.
 14209 | Lair:2   | Reached skill level 5 in Stealth
 14420 | Lair:2   | Found a staircase to the Snake Pit.
 14542 | Lair:2   | Noticed a seven-headed hydra
 14549 | Lair:2   | Noticed a death yak
 14558 | Lair:2   | Noticed a death yak
 14560 | Lair:2   | Killed a seven-headed hydra
 14561 | Lair:2   | Reached skill level 1 in Armour
 14851 | Lair:2   | Noticed a death yak
 15151 | Lair:1   | Killed a death yak
 15164 | Lair:1   | Killed a death yak
 15246 | Lair:2   | Killed a death yak
 15933 | Lair:3   | Reached skill level 11 in Fighting
 15933 | Lair:3   | Gained mutation: You are strongly in touch with the powers
                  | of death. [Mummy growth]
 15933 | Lair:3   | Reached XP level 13. HP: 106/106 MP: 18/18
 15934 | Lair:3   | Reached skill level 5 in Shields
 16608 | Lair:4   | Found a staircase to the Slime Pits.
 16608 | Lair:4   | Found a viscous altar of Jiyva.
 17335 | Lair:4   | Slain by a death yak

Illustrated notes

Levels and vault maps discovered:
D:1:      evilmike_arrival_crescent, layout_basic, serial_shops, shop,
          minmay_misc_feat_roman, minmay_misc_feat_hallway, serial_bayou_pond_b,
          minmay_misc_feat_square, minmay_gold_behind_fungi,
          chequers_serial_rivers_room_b
D:2:      layout_rooms, chequers_ecumenical_altar_simple, basic_altar,
          uniq_natasha
D:3:      layout_loops_cross, xom_butterflies, serial_shops, shop,
          minmay_liquid_box, uniq_terence, uniq_jessica, uniq_robin,
          uniq_crazy_yiuf_cottage, uniq_pargi
D:4:      layout_loops_ring, nicolae_overflow_crystal_walls, zin_purify,
          nemelex_diamond_rough_becter, serial_bayou, serial_bayou_lake_a,
          serial_bayou_crossing, serial_bayou_pond_d, serial_bayou_pond_b
D:5:      layout_loops_cross, mainiacjoe_overflow_brackets,
          mainiacjoe_overflow_alcove_1, kennysheep_mini_moat, enter_ossuary_1
D:6:      layout_loops_corners, minmay_temple_entry_tees
D:7:      layout_basic, gammafunk_temple_overflow_forgotten,
          amcnicky_altar_gilded, enter_bailey_2, interstate_on_off
D:8:      lemuel_bear_cage, layout_cave_pools, lair_entry_dummy,
          minmay_misc_feat_iff, corexii_hall_statues_l
D:9:      layout_roguey, general_overflow_altar
D:10:     layout_grid_maze, uniq_snorg, uniq_maggie
D:11:     layout_cave_pools, serial_shops, nicolae_shop_hallway_stairs,
          gammafunk_ghost_ooze, kennysheep_donut, hangedman_minor_magic
Lair:1:   hellmonk_destroyed_diamonds, layout_regular_city,
          gammafunk_ghost_cemetery, uniq_sonja
Lair:2:   layout_regular_city, elwin_shoals_entry_stream,
          guppyfry_snake_entry_island, chequers_serial_rivers_large_b
Lair:3:   layout_regular_city, st_stairs_11, nicolae_lair_lindhole
Lair:4:   layout_concentric_octagons, minmay_slime_entry_oklob_open

Skill      XL: |  1  2  3  4  5  6  7  8  9 10 11 12 13 |
---------------+----------------------------------------+-----
Long Blades    | 3 |  3.0
Dodging        | 3 4 5 7 9 |  9.7
Fighting       | 3 4 5 8 10 11 | 11.7
Short Blades   | 1 3 6 7 8 |  8.6
Shields        | 1 4 5 |  5.5
Invocations    | 5 6 7 |  7.0
Evocations     | 6 |  6.0
Stealth        | 3 6 7 |  7.3
Armour         | 2 3 |  3.5
Throwing       | |  1.5

Action                   |  1- 3 |  4- 6 |  7- 9 | 10-12 | 13-15 || total
-------------------------+-------+-------+-------+-------+-------++-------
Melee: Long sword        |    28 |       |       |       |       ||    28
       Short sword       |    75 |   265 |   534 |   187 |       ||  1061
       Falchion          |       |       |   179 |       |       ||   179
       Trident           |       |       |    13 |       |       ||    13
       Dagger            |       |       |       |   662 |   176 ||   838
Throw: Throwing net      |       |     3 |       |       |       ||     3
       Boomerang         |       |       |     6 |       |       ||     6
Invok: Stomp             |       |     4 |     4 |     7 |     7 ||    22
       Line Pass         |       |     1 |       |     6 |    11 ||    18
       Grand Finale      |       |       |       |     1 |       ||     1
Evoke: Wand              |       |       |    32 |     1 |       ||    33
       Piece from Xom's  |       |       |    16 |     5 |       ||    21
       Tin of tremorston |       |       |       |     2 |       ||     2
  Use: Scroll            |       |     7 |     7 |     5 |     2 ||    21
 Stab: Sleeping          |     2 |     1 |       |     3 |     2 ||     8
       Held in net/web   |       |     3 |       |       |       ||     3
       Paralysed         |       |     5 |    27 |    51 |    10 ||    93
       Petrified         |       |       |     1 |       |       ||     1
       Confused          |       |       |       |     4 |     4 ||     8
Armor: Leather armour    |    24 |    12 |       |       |       ||    36
       Ring mail         |       |    51 |   171 |   154 |    36 ||   412
       Steam dragon scal |       |       |     2 |       |       ||     2
Dodge: Dodged            |    58 |   132 |   433 |   412 |    83 ||  1118
Block: Buckler           |     6 |    63 |   305 |   283 |    51 ||   708

Table legend: (Time is in decaauts)
 A = Elapsed time spent in this place.
 B = Non-inter-level travel time spent in this place.
 C = Inter-level travel time spent in this place.
 D = Time resting spent in this place.
 E = Time spent auto-exploring this place.
 F = Levels seen in this place.
 G = Mean time per level.
                   A        B        C        D        E       F      G
               +--------+--------+--------+--------+--------+-----+--------+
         Total |  16897 |  15846 |   1051 |   2639 |   7779 |  17 |  993.9 |
       Dungeon |  10442 |   9567 |    875 |   1762 |   5363 |  11 |  949.3 |
          Lair |   4072 |   3896 |    176 |    586 |   2196 |   4 | 1018.0 |
       Ossuary |    320 |    320 |      0 |     21 |     97 |   1 |  320.0 |
        Bailey |   2060 |   2060 |      0 |    270 |    123 |   1 | 2060.0 |
               +--------+--------+--------+--------+--------+-----+--------+

Top non-repeatable levels by time:
  Bailey: 2060 daAuts
     D:3: 1394 daAuts
     D:6: 1338 daAuts
  Lair:2: 1234 daAuts
  Lair:1: 1121 daAuts
     D:7: 1051 daAuts
    D:10: 1028 daAuts
     D:2: 1015 daAuts
  Lair:3: 989 daAuts
     D:4: 987 daAuts
     D:1: 912 daAuts
     D:8: 764 daAuts
     D:5: 741 daAuts
  Lair:4: 727 daAuts
    D:11: 681 daAuts
